 Dungeon Sprint DCSS version 0.23.2-1-ga50397a (webtiles) character file.

Game seed: 13812376325499528547

4 doot the Poker (level 1, -1/16 HPs)
             Began as a Demonspawn Gladiator on Apr 15, 2019.
             Was an Initiate of Qazlal.
             Slain by an ufetubus (2 damage)
             ... in the Dungeon (Sprint VII: "The Pits").
             The game lasted 00:00:40 (171 turns).

doot the Poker (Demonspawn Gladiator)                Turns: 171, Time: 00:00:40

Health: -1/16      AC:  4    Str: 14    XL:     1   Next: 58%
Magic:  1/1        EV: 13    Int:  9    God:    Qazlal [......]
Gold:   0          SH:  0    Dex: 14    Spells: 0/0 levels left

rFire    . . .     SeeInvis .   l - +2 trident
rCold    . . .     Gourm    .   (no shield)
rNeg     . . .     Faith    .   b - +0 leather armour
rPois    .         Spirit   .   c - +0 helmet
rElec    .         Reflect  .   (no cloak)
rCorr    .         Harm     .   (no gloves)
MR       .....     NoTele   +   (no boots)
Stlth    +.........             (no amulet)
HPRegen  0.05/turn              (no ring)
MPRegen  0.07/turn              (no ring)

@: no status effects
A: no striking features
a: Renounce Religion


You were in the Dungeon.
You worshipped Qazlal.
Qazlal was noncommittal.
You were not hungry.

You visited 1 branch

Inventory:

Hand Weapons
 a - a +0 trident
 l - a +2 trident (weapon)
Missiles
 d - 3 throwing nets (quivered)
Armour
 b - a +0 leather armour (worn)
 c - a +0 helmet (worn)
Scrolls
 k - a scroll of blinking
 n - 3 scrolls of remove curse
 o - 5 scrolls of amnesia
 p - a scroll of summoning
Potions
 e - a potion of curing
 g - a potion of heal wounds
 h - a potion of haste
 i - 4 potions of magic
 j - 3 potions of berserk rage
 m - 2 potions of invisibility
Comestibles
 f - 9 rations


   Skills:
 + Level 2.1 Fighting
 + Level 3.5 Polearms
 + Level 1.9 Throwing
 + Level 3.1 Dodging


You couldn't memorise any spells.
You didn't know any spells.
Your spell library was empty.

Dungeon Overview and Level Annotations

Branches:
Dungeon (1/1)

Altars:
Ashenzari
Cheibriados
Dithmenos
Elyvilon
Fedhas
Gozag
Hepliaklqana
Kikubaaqudgha
Makhleb
Nemelex Xobeh
Okawaru
Qazlal
Ru
Sif Muna
Trog
Uskayaw
Vehumet
Wu Jian
Xom
Yredelemnul
Zin
The Shining One
Beogh
Jiyva
Lugonu


Message History

You barely miss the ufetubus.
The ufetubus hits you but does no damage. x2
The ufetubus closely misses you. x2
Unknown command.
The ufetubus closely misses you. The ufetubus hits you.
Your leather armour prevents you from hitting the ufetubus.
The ufetubus closely misses you. The ufetubus hits you.
Unknown command.
You hit the ufetubus.
The ufetubus is heavily wounded.
The ufetubus hits you. The ufetubus misses you.
The ufetubus closely misses you. The ufetubus hits you.
* * * LOW HITPOINT WARNING * * *
Unknown command.
You barely miss the ufetubus.
The ufetubus is heavily wounded.
The ufetubus barely misses you. The ufetubus hits you.
* * * LOW HITPOINT WARNING * * *
The ufetubus hits you.
You die...

############ #_________.#
#_________.#
#_______...###########++##
##########'##.............
#.?(.')))'.##......#..#...
##########.##.............
......r5@..'.............
+#####'#####......#..#...
#.. #............. +..
####'#####++## ###
#.......##++#
#.......##..#
#.......##..#
#...<...##..#
#.......##..#


You could see an ufetubus and a quokka.

Vanquished Creatures
  An ooze (D)
1 creature vanquished.

Notes
Turn   | Place    | Note
-------+----------+-------------------------------------------
     0 | D        | doot the Demonspawn Gladiator began the quest for the Orb.
     0 | D        | Reached XP level 1. HP: 16/16 MP: 1/1
    11 | D        | Noticed an iguana
   121 | D        | Found a bloodstained altar of Trog.
   121 | D        | Found a deep blue altar of Sif Muna.
   121 | D        | Found a viscous altar of Jiyva.
   121 | D        | Found a hazy altar of Hepliaklqana.
   121 | D        | Found an opulent altar of Gozag.
   122 | D        | Found a glowing golden altar of the Shining One.
   122 | D        | Found a glowing silver altar of Zin.
   122 | D        | Found a basalt altar of Yredelemnul.
   122 | D        | Found a shimmering altar of Xom.
   122 | D        | Found an ornate altar of the Wu Jian Council.
   122 | D        | Found a sacrificial altar of Ru.
   122 | D        | Found a stormy altar of Qazlal.
   122 | D        | Found an iron altar of Okawaru.
   122 | D        | Found a sparkling altar of Nemelex Xobeh.
   122 | D        | Found a burning altar of Makhleb.
   122 | D        | Found a blossoming altar of Fedhas.
   122 | D        | Found a white marble altar of Elyvilon.
   122 | D        | Found a shadowy altar of Dithmenos.
   122 | D        | Found a snail-covered altar of Cheibriados.
   123 | D        | Found a radiant altar of Vehumet.
   123 | D        | Found a corrupted altar of Lugonu.
   123 | D        | Found a roughly hewn altar of Beogh.
   124 | D        | Found a hide-covered altar of Uskayaw.
   124 | D        | Found an ancient bone altar of Kikubaaqudgha.
   124 | D        | Found a shattered altar of Ashenzari.
   133 | D        | Became a worshipper of Qazlal Stormbringer
   171 | D        | Slain by an ufetubus

Skill      XL: |  1 |
---------------+----+-----
Polearms       | 3 |  3.5
Dodging        | 3 |  3.1
Fighting       | |  2.1
Throwing       | |  1.9

Action                   || total
-------------------------++-------
Melee: Trident           ||    11
Armor: Leather armour    ||     4
Dodge: Dodged            ||     9
